FLORIDA Panthers vs DALLAS Stars

Created - 3 avril 2024 at 14:29

Goals
1 2 3 T
FLORIDA Panthers 4 1 2 7
DALLAS Stars 0 2 0 2
Shots
1 2 3 T
FLORIDA Panthers 21 12 20 53
DALLAS Stars 2 8 4 14

1st period

1. FLORIDA Panthers , Eetu Luostarinen 15 (Derek Grant 6, Jake Walman 18) at 2:24
2. FLORIDA Panthers , Carter Verhaeghe 14 (Brady Skjei 33, Adam Henrique 15) at 8:08
3. FLORIDA Panthers , Brock Nelson 21 (Matthew Tkachuk 42, Steven Stamkos 36) at 10:59
4. FLORIDA Panthers , Brandon Saad 8 (Josh Morrissey 28, Adam Henrique 16) at 17:05 (PP)

Penalties :
Juuso Valimaki (DAL) for Slashing (Minor) at 8:40, Juuso Valimaki (DAL) for Tripping (Minor) at 15:54, Ben Hutton (DAL) for Delaying the game (Minor) at 18:16

2nd period

5. DALLAS Stars , Juuso Valimaki 10 (Ryan Suter 36, Sonny Milano 21) at 3:16 (PP)
6. DALLAS Stars , Sonny Milano 23 (Sean Walker 17, Cam Atkinson 10) at 12:20
7. FLORIDA Panthers , Matthew Tkachuk 24 (Ryan McDonagh 31, Steven Stamkos 37) at 13:13

Penalties :
Jujhar Khaira (FLO) for Tripping (Minor) at 3:00, Josh Morrissey (FLO) for Tripping (Minor) at 3:31, Conor Timmins (DAL) for Roughing (Minor) at 8:50

3rd period

8. FLORIDA Panthers , Josh Morrissey 18 (Steven Stamkos 38, Carter Verhaeghe 16) at 7:27 (PP)
9. FLORIDA Panthers , Matthew Tkachuk 25 (Ryan McDonagh 32, Josh Morrissey 29) at 19:19

Penalties :
Matthew Tkachuk (FLO) for Roughing (Minor) at 4:48, Darren Raddysh (DAL) for Roughing (Minor) at 7:03, Darren Raddysh (DAL) for Interference (Minor) at 8:44, Sean Walker (DAL) for Interference (Minor) at 10:10, Peyton Krebs (DAL) for Tripping (Minor) at 12:41, Sean Walker (DAL) for Slashing (Minor) at 15:15, Jesperi Kotkaniemi (DAL) for Tripping (Minor) at 17:35, Jake Walman (FLO) for Goalie Interference (Minor) at 17:35

Goalie Stats

Ville Husso (FLO), 12 saves from 14 shots - (0,857), W, 12-13-7, 60:00 minutes
Carter Hart (DAL), 12 saves from 14 shots - (0,857), L, 15-16-4, 8:57 minutes
Matthew Villalta (DAL), 34 saves from 39 shots - (0,872), 51:03 minutes

Players Stats for FLORIDA Panthers

Player Name              G  A  P  +/- PIM S  H  SB GA TA FO     MP     PP MP  PK MP  
------------------------------------------------------------------------------------
Adam Henrique            0  2  2   1  0   2  0  0  0  0  20/30  18:46   6:38   1:08 
Brady Skjei              0  1  1   1  0   4  0  1  0  0  0/0    25:13   7:10   1:55 
Brandon Saad             1  0  1   1  0   6  0  0  0  0  0/0    17:38   6:38   0:00 
Brock Nelson             1  0  1   1  0   7  0  0  0  0  4/7    23:24   6:38   2:54 
Calen Addison            0  0  0   1  0   0  0  1  0  0  0/0    11:28   0:00   0:00 
Carter Verhaeghe         1  1  2   1  0   4  0  0  0  0  0/0    19:49   8:17   0:00 
Derek Grant              0  1  1   1  0   2  0  0  0  0  4/6     8:38   0:00   0:00 
Dougie Hamilton          0  0  0   1  0   5  0  0  0  0  0/0    23:38  10:30   0:33 
Eetu Luostarinen         1  0  1   1  0   5  0  0  0  0  2/2    11:37   0:00   2:59 
Jake Walman              0  1  1   1  2   3  0  1  0  0  0/0    16:22   2:39   2:28 
Jordan Martinook         0  0  0   0  0   2  0  0  0  0  0/0     7:09   0:00   1:15 
Josh Morrissey           1  2  3   2  2   5  0  0  0  0  0/0    27:13   9:31   1:10 
Jujhar Khaira            0  0  0   0  2   0  1  0  0  0  0/0     6:05   0:00   0:12 
Matthew Tkachuk          2  1  3   2  2   4  2  0  0  0  0/1    23:03   8:17   0:00 
Ryan McDonagh            0  2  2   2  0   0  0  0  0  0  0/0    16:04   0:00   2:22 
Ryan McLeod              0  0  0   0  0   0  0  0  0  0  3/8     5:54   0:00   0:00 
Steven Stamkos           0  3  3   2  0   4  1  0  0  0  22/36  23:04   8:17   0:00 
Yegor Sharangovich       0  0  0   1  0   0  0  0  0  0  0/1     8:38   0:00   0:00 

Players Stats for DALLAS Stars

Player Name              G  A  P  +/- PIM S  H  SB GA TA FO     MP     PP MP  PK MP  
------------------------------------------------------------------------------------
Alexander Radulov        0  0  0   0  0   1  0  0  0  0  4/4     7:13   0:00   0:38 
Aliaksei Protas          0  0  0   0  0   1  2  0  0  0  3/4    19:02   1:52  10:26 
Andreas Johnsson         0  0  0   0  0   0  1  0  0  0  0/0     6:03   0:00   0:00 
Ben Hutton               0  0  0   0  2   0  1  5  0  0  0/0    19:15   1:52   8:31 
Brendan Gallagher        0  0  0  -2  0   0  3  0  0  0  0/1    16:26   0:00   3:58 
Cam Atkinson             0  1  1  -1  0   1  0  0  0  0  0/1    15:43   1:34   0:00 
Conor Timmins            0  0  0  -2  2   1  2  5  0  0  0/0    24:54   1:52   6:40 
Darren Raddysh           0  0  0  -3  4   0  5  0  0  0  0/0    16:30   0:00   0:32 
Emil Bemstrom            0  0  0  -3  0   0  0  0  0  0  1/2    16:35   2:40   0:00 
Grigori Denisenko        0  0  0   0  0   0  0  0  0  0  0/0     6:03   0:00   0:00 
Jesperi Kotkaniemi       0  0  0  -2  2   2  0  0  0  0  5/19   14:19   1:52   0:00 
Juuso Valimaki           1  0  1  -2  4   2  1  0  0  0  0/0    23:24   2:22   5:29 
Nicklas Backstrom        0  0  0   0  0   0  0  0  0  0  0/0     6:12   0:00   0:00 
Paul Cotter              0  0  0   0  0   0  1  0  0  0  8/30   16:29   0:00  10:17 
Peyton Krebs             0  0  0  -2  2   2  2  1  0  0  11/22  17:57   2:22   0:00 
Ryan Suter               0  1  1  -1  0   2  3  0  0  0  0/0    21:24   2:22   3:04 
Sean Walker              0  1  1   0  4   0  1  2  0  0  0/0    14:25   0:00   5:33 
Sonny Milano             1  1  2  -1  0   2  3  0  0  0  4/8    20:29   2:22   3:58 

3 Stars

1 - Matthew Tkachuk (FLO)
2 - Steven Stamkos (FLO)
3 - Josh Morrissey (FLO)

Power Play

FLORIDA Panthers - 2 on 9 Attempt(s) - 22,22%
DALLAS Stars - 1 on 3 Attempt(s) - 33,33%

Penalty Kill

FLORIDA Panthers - 2 on 3 Attempt(s) - 66,67% - Score 0 goal in Penalty Kill
DALLAS Stars - 7 on 9 Attempt(s) - 77,78% - Score 0 goal in Penalty Kill

Team Stat

FLORIDA Panthers - Hits : 4 - Faceoff Wins : 55 - Blocked Shots : 3 - Penalty Minutes : 8
DALLAS Stars - Hits : 25 - Faceoff Wins : 36 - Blocked Shots : 13 - Penalty Minutes : 20

Official

Referees : Wes McCauley and Justin Kea
Linesman : James Tobias and Julia Kainberger

Game Notes

Carter Hart enters game at 8:08 of 1st period
Matthew Villalta enters game at 17:05 of 1st period

Finance

Level 1 -- Attendance: 4143 (63,74%) -- Ticket Income $497,160
Level 2 -- Attendance: 3394 (56,57%) -- Ticket Income $230,792
Level 3 -- Attendance: 1960 (49,00%) -- Ticket Income $66,640
Level 4 -- Attendance: 2533 (56,29%) -- Ticket Income $75,990
Luxury Box -- Attendance: 702 (70,20%) -- Ticket Income $154,440
Game was played at the American Airlines Center.
Total Attendance: 12732 (57,87%)
Total Ticket Income: $1,025,022
Other Income: $256,256
Total Income: $1,281,278

FLORIDA Panthers

5 vs 5 Forward 
   Center                   Left Wing                Right Wing               Time % Phy DF OF 
 1 Steven Stamkos           Brock Nelson             Matthew Tkachuk          40     1   2  2  
 2 Adam Henrique            Carter Verhaeghe         Brandon Saad             30     1   2  2  
 3 Derek Grant              Eetu Luostarinen         Yegor Sharangovich       20     1   2  2  
 4 Ryan McLeod              Jujhar Khaira            Jordan Martinook         10     1   2  2  

5 vs 5 Defense 
   Defense                  Defense                                           Time % Phy DF OF 
 1 Josh Morrissey           Brady Skjei                                       40     1   2  2  
 2 Dougie Hamilton          Ryan McDonagh                                     30     1   2  2  
 3 Calen Addison            Jake Walman                                       20     1   2  2  
 4 Josh Morrissey           Brady Skjei                                       10     1   2  2  

PowerPlay Forward 
   Center                   Left Wing                Right Wing               Time % Phy DF OF 
 1 Steven Stamkos           Carter Verhaeghe         Matthew Tkachuk          60     1   1  3  
 2 Adam Henrique            Brock Nelson             Brandon Saad             40     1   1  3  

PowerPlay Defense
   Defense                  Defense                                           Time % Phy DF OF 
 1 Josh Morrissey           Dougie Hamilton                                   70     1   1  3  
 2 Brady Skjei              Dougie Hamilton                                   30     1   1  3  

Penalty Kill 4 Players Forward 
   Center                   Wing                     Time % Phy DF OF 
 1 Brock Nelson             Eetu Luostarinen         60     0   4  1  
 2 Adam Henrique            Jordan Martinook         40     0   5  0  

Penalty Kill 4 Players Defense
   Defense                  Defense                  Time % Phy DF OF 
 1 Ryan McDonagh            Brady Skjei              60     1   3  1  
 2 Josh Morrissey           Jake Walman              40     1   3  1  

Penalty Kill - 3 Players Forward 
   Forward                                           Time % Phy DF OF 
 1 Eetu Luostarinen                                  60     0   5  0  
 2 Jordan Martinook                                  40     0   5  0  

Penalty Kill - 3 Players Defense
   Defense                  Defense                  Time % Phy DF OF 
 1 Brady Skjei              Ryan McDonagh            60     1   4  0  
 2 Josh Morrissey           Jake Walman              40     0   5  0  

4 vs 4 Forward 
   Center                   Wing                     Time % Phy DF OF 
 1 Steven Stamkos           Matthew Tkachuk          60     1   2  2  
 2 Brock Nelson             Carter Verhaeghe         40     1   2  2  

4 vs 4 Defense
   Defense                  Defense                  Time % Phy DF OF 
 1 Josh Morrissey           Ryan McDonagh            60     1   2  2  
 2 Brady Skjei              Jake Walman              40     1   2  2  

Last Minutes Offensive
   Center                   Left Wing                Right Wing               Defense                  Defense                  
   Steven Stamkos           Brock Nelson             Matthew Tkachuk          Josh Morrissey           Dougie Hamilton          

Last Minutes Defensive
   Center                   Left Wing                Right Wing               Defense                  Defense                  
   Adam Henrique            Eetu Luostarinen         Brandon Saad             Ryan McDonagh            Brady Skjei              

Goaltenders
Starting : Ville Husso              
Backup : Cayden Primeau           

Extra Forwards
Normal : Steven Stamkos, Matthew Tkachuk, Brock Nelson - PP : Brock Nelson, Carter Verhaeghe - PK : Eetu Luostarinen
Extra Defensemen
Normal : Brady Skjei, Ryan McDonagh, Josh Morrissey - PP : Dougie Hamilton - PK : Ryan McDonagh, Brady Skjei
Penalty Shots
Steven Stamkos, Matthew Tkachuk, Carter Verhaeghe, Brock Nelson, Adam Henrique

Scratches
None

DALLAS Stars

5 vs 5 Forward 
   Center                   Left Wing                Right Wing               Time % Phy DF OF 
 1 Peyton Krebs             Sonny Milano             Cam Atkinson             35     1   2  2  
 2 Jesperi Kotkaniemi       Emil Bemstrom            Brendan Gallagher        30     1   2  2  
 3 Paul Cotter              Nicklas Backstrom        Aliaksei Protas          20     1   2  2  
 4 Alexander Radulov        Andreas Johnsson         Grigori Denisenko        15     1   2  2  

5 vs 5 Defense 
   Defense                  Defense                                           Time % Phy DF OF 
 1 Juuso Valimaki           Ryan Suter                                        40     1   1  3  
 2 Darren Raddysh           Conor Timmins                                     30     1   2  2  
 3 Sean Walker              Ben Hutton                                        20     2   2  1  
 4 Conor Timmins            Darren Raddysh                                    10     1   2  2  

PowerPlay Forward 
   Center                   Left Wing                Right Wing               Time % Phy DF OF 
 1 Jesperi Kotkaniemi       Cam Atkinson             Aliaksei Protas          60     1   2  2  
 2 Peyton Krebs             Sonny Milano             Emil Bemstrom            40     1   2  2  

PowerPlay Defense
   Defense                  Defense                                           Time % Phy DF OF 
 1 Juuso Valimaki           Ryan Suter                                        60     1   2  2  
 2 Ben Hutton               Conor Timmins                                     40     1   1  3  

Penalty Kill 4 Players Forward 
   Center                   Wing                     Time % Phy DF OF 
 1 Paul Cotter              Aliaksei Protas          60     1   2  2  
 2 Sonny Milano             Brendan Gallagher        40     1   2  2  

Penalty Kill 4 Players Defense
   Defense                  Defense                  Time % Phy DF OF 
 1 Ben Hutton               Sean Walker              60     1   2  2  
 2 Conor Timmins            Juuso Valimaki           40     1   2  2  

Penalty Kill - 3 Players Forward 
   Forward                                           Time % Phy DF OF 
 1 Paul Cotter                                       60     1   2  2  
 2 Aliaksei Protas                                   40     1   2  2  

Penalty Kill - 3 Players Defense
   Defense                  Defense                  Time % Phy DF OF 
 1 Darren Raddysh           Ryan Suter               60     1   2  2  
 2 Sean Walker              Ben Hutton               40     1   2  2  

4 vs 4 Forward 
   Center                   Wing                     Time % Phy DF OF 
 1 Jesperi Kotkaniemi       Emil Bemstrom            60     1   2  2  
 2 Peyton Krebs             Brendan Gallagher        40     1   2  2  

4 vs 4 Defense
   Defense                  Defense                  Time % Phy DF OF 
 1 Darren Raddysh           Juuso Valimaki           60     1   2  2  
 2 Conor Timmins            Ryan Suter               40     1   2  2  

Last Minutes Offensive
   Center                   Left Wing                Right Wing               Defense                  Defense                  
   Peyton Krebs             Jesperi Kotkaniemi       Aliaksei Protas          Conor Timmins            Juuso Valimaki           

Last Minutes Defensive
   Center                   Left Wing                Right Wing               Defense                  Defense                  
   Paul Cotter              Aliaksei Protas          Brendan Gallagher        Darren Raddysh           Ryan Suter               

Goaltenders
Starting : Matthew Villalta         
Backup : Carter Hart              

Extra Forwards
Normal : Aliaksei Protas, Peyton Krebs, Alexander Radulov - PP : Aliaksei Protas, Peyton Krebs - PK : Alexander Radulov
Extra Defensemen
Normal : Sean Walker, Juuso Valimaki, Conor Timmins - PP : Sean Walker - PK : Juuso Valimaki, Conor Timmins
Penalty Shots
Aliaksei Protas, Jesperi Kotkaniemi, Sonny Milano, Nicklas Backstrom, Peyton Krebs

Scratches
Zach Senyshyn (Healthy)

% Time on Ice - FLORIDA Panthers

Lines # - Real PCT - Wanted PCT - Time Play
Normal Forward
1 - 34% - 40% - 13:20
2 - 28% - 30% - 11:00
3 - 22% - 20% - 8:38
4 - 15% - 10% - 5:54
Normal Defense
1 - 37% - 40% - 14:27
2 - 31% - 30% - 12:03
3 - 30% - 20% - 11:28
4 - 2% - 10% - 0:54
PP Forward
1 - 56% - 60% - 8:17
2 - 44% - 40% - 6:38
PP Defense
1 - 56% - 70% - 8:17
2 - 44% - 30% - 6:38
PK Forward
1 - 73% - 60% - 3:06
2 - 27% - 40% - 1:08
PK Defense
1 - 42% - 60% - 1:46
2 - 58% - 40% - 2:28
PK3 Forward
1 - 0% - 60%
2 - 0% - 40%
PK3 Defense
1 - 0% - 60%
2 - 0% - 40%
44 Forward
1 - 73% - 60% - 1:27
2 - 27% - 40% - 0:32
44 Defense
1 - 61% - 60% - 1:12
2 - 39% - 40% - 0:47
Last Minute Offensive  - 0:00
Last Minute Defensive  - 0:00
Total
Forward - 60:00
Defense - 60:00

% Time on Ice - DALLAS Stars

Lines # - Real PCT - Wanted PCT - Time Play
Normal Forward
1 - 36% - 35% - 14:09
2 - 32% - 30% - 12:28
3 - 16% - 20% - 6:12
4 - 16% - 15% - 6:03
Normal Defense
1 - 38% - 40% - 14:47
2 - 32% - 30% - 12:37
3 - 23% - 20% - 8:53
4 - 7% - 10% - 2:35
PP Forward
1 - 44% - 60% - 1:52
2 - 56% - 40% - 2:22
PP Defense
1 - 56% - 60% - 2:22
2 - 44% - 40% - 1:52
PK Forward
1 - 72% - 60% - 10:24
2 - 28% - 40% - 3:58
PK Defense
1 - 67% - 60% - 9:38
2 - 33% - 40% - 4:44
PK3 Forward
1 - 94% - 60% - 0:31
2 - 6% - 40% - 0:02
PK3 Defense
1 - 94% - 60% - 0:31
2 - 6% - 40% - 0:02
44 Forward
1 - 100% - 60% - 1:59
2 - 0% - 40% - 0:00
44 Defense
1 - 40% - 60% - 0:48
2 - 60% - 40% - 1:11
Last Minute Offensive  - 0:00
Last Minute Defensive  - 0:00
Total
Forward - 60:00
Defense - 60:00

Play-by-Play

1st period


0:01 of 1st period - Peyton Krebs wins face-off versus Steven Stamkos in neutral zone.
1:03 of 1st period - Off-side.
1:04 of 1st period - Adam Henrique wins face-off versus Paul Cotter in neutral zone.
1:45 of 1st period - Shot by Carter Verhaeghe.
1:45 of 1st period - Shot Misses the Net.
1:50 of 1st period - Icing by Aliaksei Protas.
1:51 of 1st period - Derek Grant wins face-off versus Paul Cotter in DALLAS Stars zone.
2:21 of 1st period - Derek Grant is hit by Conor Timmins and loses puck.
2:24 of 1st period - Shot by Eetu Luostarinen.
2:24 of 1st period - Goal by Eetu Luostarinen - FLORIDA Panthers : 1 - DALLAS Stars : 0.
2:25 of 1st period - Alexander Radulov wins face-off versus Ryan McLeod in neutral zone.
3:25 of 1st period - Steven Stamkos is hit by Ryan Suter.
3:29 of 1st period - Shot by Steven Stamkos.
3:29 of 1st period - Stopped by Matthew Villalta without a rebound.
3:30 of 1st period - Adam Henrique wins face-off versus Peyton Krebs in DALLAS Stars zone.
5:44 of 1st period - Shot by Eetu Luostarinen.
5:44 of 1st period - Stopped by Matthew Villalta without a rebound.
5:45 of 1st period - Ryan McLeod wins face-off versus Peyton Krebs in DALLAS Stars zone.
6:02 of 1st period - Shot by Ryan Suter.
6:02 of 1st period - Stopped by Ville Husso without a rebound.
6:03 of 1st period - Adam Henrique wins face-off versus Jesperi Kotkaniemi in FLORIDA Panthers zone.
6:03 of 1st period - Adam Henrique is hit by Brendan Gallagher.
6:14 of 1st period - Icing by Ben Hutton.
6:15 of 1st period - Jesperi Kotkaniemi wins face-off versus Steven Stamkos in DALLAS Stars zone.
6:37 of 1st period - Shot by Jesperi Kotkaniemi.
6:37 of 1st period - Stopped by Ville Husso without a rebound.
6:38 of 1st period - Adam Henrique wins face-off versus Peyton Krebs in FLORIDA Panthers zone.
6:44 of 1st period - Off-side.
6:45 of 1st period - Peyton Krebs wins face-off versus Derek Grant in neutral zone.
7:00 of 1st period - Icing by Conor Timmins.
7:01 of 1st period - Peyton Krebs wins face-off versus Steven Stamkos in DALLAS Stars zone.
7:06 of 1st period - Ryan McDonagh is hit by Sonny Milano and loses puck.
7:41 of 1st period - Shot by Matthew Tkachuk.
7:41 of 1st period - Shot Misses the Net.
8:08 of 1st period - Shot by Carter Verhaeghe.
8:08 of 1st period - Goal by Carter Verhaeghe - FLORIDA Panthers : 2 - DALLAS Stars : 0.
8:08 of 1st period - Carter Hart enters game.
8:09 of 1st period - Eetu Luostarinen wins face-off versus Paul Cotter in neutral zone.
8:20 of 1st period - Icing by Jake Walman.
8:21 of 1st period - Jesperi Kotkaniemi wins face-off versus Derek Grant in FLORIDA Panthers zone.
8:40 of 1st period - Minor Penalty to Juuso Valimaki for Slashing.
8:41 of 1st period - Steven Stamkos wins face-off versus Paul Cotter in DALLAS Stars zone.
9:20 of 1st period - Shot by Dougie Hamilton.
9:20 of 1st period - Stopped by Carter Hart without a rebound.
9:21 of 1st period - Sonny Milano wins face-off versus Adam Henrique in DALLAS Stars zone.
9:36 of 1st period - Shot by Brandon Saad.
9:36 of 1st period - Shot Misses the Net.
9:38 of 1st period - Shot by Dougie Hamilton.
9:38 of 1st period - Shot Misses the Net.
9:40 of 1st period - Shot by Brock Nelson.
9:40 of 1st period - Stopped by Carter Hart without a rebound.
9:41 of 1st period - Sonny Milano wins face-off versus Steven Stamkos in DALLAS Stars zone.
10:22 of 1st period - Shot by Brandon Saad.
10:22 of 1st period - Stopped by Carter Hart without a rebound.
10:23 of 1st period - Adam Henrique wins face-off versus Paul Cotter in DALLAS Stars zone.
10:23 of 1st period - Brock Nelson is hit by Ben Hutton.
10:47 of 1st period - Shot by Eetu Luostarinen.
10:47 of 1st period - Deflect By Derek Grant.
10:47 of 1st period - Stopped by Carter Hart without a rebound.
10:48 of 1st period - Derek Grant wins face-off versus Jesperi Kotkaniemi in DALLAS Stars zone.
10:55 of 1st period - Shot by Eetu Luostarinen.
10:55 of 1st period - Stopped by Carter Hart without a rebound.
10:56 of 1st period - Steven Stamkos wins face-off versus Emil Bemstrom in DALLAS Stars zone.
10:59 of 1st period - Shot by Brock Nelson.
10:59 of 1st period - Goal by Brock Nelson - FLORIDA Panthers : 3 - DALLAS Stars : 0.
11:00 of 1st period - Steven Stamkos wins face-off versus Jesperi Kotkaniemi in neutral zone.
11:03 of 1st period - Shot by Matthew Tkachuk.
11:03 of 1st period - Shot Misses the Net.
11:08 of 1st period - Off-side.
11:09 of 1st period - Adam Henrique wins face-off versus Paul Cotter in neutral zone.
11:09 of 1st period - Adam Henrique is hit by Paul Cotter.
11:21 of 1st period - Shot by Adam Henrique.
11:21 of 1st period - Shot Misses the Net.
11:25 of 1st period - Shot by Carter Verhaeghe.
11:25 of 1st period - Deflect By Adam Henrique.
11:25 of 1st period - Shot Misses the Net.
12:11 of 1st period - Brock Nelson is hit by Ryan Suter and loses puck.
13:28 of 1st period - Shot by Eetu Luostarinen.
13:28 of 1st period - Stopped by Carter Hart with a rebound.
13:30 of 1st period - Shot by Yegor Sharangovich.
13:30 of 1st period - Shot Misses the Net.
13:56 of 1st period - Shot by Jujhar Khaira.
13:56 of 1st period - Deflect By Ryan McLeod.
13:56 of 1st period - Shot Blocked by Peyton Krebs.
14:25 of 1st period - Icing by Conor Timmins.
14:26 of 1st period - Steven Stamkos wins face-off versus Peyton Krebs in DALLAS Stars zone.
14:31 of 1st period - Shot by Brock Nelson.
14:31 of 1st period - Stopped by Carter Hart without a rebound.
14:32 of 1st period - Steven Stamkos wins face-off versus Jesperi Kotkaniemi in DALLAS Stars zone.
14:37 of 1st period - Shot by Brock Nelson.
14:37 of 1st period - Stopped by Carter Hart with a rebound.
14:39 of 1st period - Shot by Steven Stamkos.
14:39 of 1st period - Shot Misses the Net.
14:41 of 1st period - Shot by Dougie Hamilton.
14:41 of 1st period - Shot Misses the Net.
14:45 of 1st period - Shot by Brock Nelson.
14:45 of 1st period - Shot Misses the Net.
14:47 of 1st period - Shot by Ryan McDonagh.
14:47 of 1st period - Shot Misses the Net.
14:53 of 1st period - Shot by Matthew Tkachuk.
14:53 of 1st period - Shot Misses the Net.
15:02 of 1st period - Shot by Brock Nelson.
15:02 of 1st period - Shot Blocked by Sean Walker.
15:13 of 1st period - Brock Nelson is hit by Sean Walker and loses puck.
15:34 of 1st period - Shot by Brandon Saad.
15:34 of 1st period - Stopped by Carter Hart without a rebound.
15:35 of 1st period - Alexander Radulov wins face-off versus Adam Henrique in DALLAS Stars zone.
15:41 of 1st period - Josh Morrissey is hit by Andreas Johnsson and loses puck.
15:47 of 1st period - Icing by Brady Skjei.
15:48 of 1st period - Adam Henrique wins face-off versus Paul Cotter in FLORIDA Panthers zone.
15:48 of 1st period - Brady Skjei is hit by Aliaksei Protas and loses puck.
15:54 of 1st period - Minor Penalty to Juuso Valimaki for Tripping.
15:55 of 1st period - Paul Cotter wins face-off versus Adam Henrique in DALLAS Stars zone.
16:23 of 1st period - Icing by Brock Nelson.
16:24 of 1st period - Paul Cotter wins face-off versus Adam Henrique in FLORIDA Panthers zone.
16:33 of 1st period - Shot by Josh Morrissey.
16:33 of 1st period - Stopped by Carter Hart without a rebound.
16:34 of 1st period - Steven Stamkos wins face-off versus Paul Cotter in DALLAS Stars zone.
16:55 of 1st period - Shot by Matthew Tkachuk.
16:55 of 1st period - Deflect By Carter Verhaeghe.
16:55 of 1st period - Stopped by Carter Hart with a rebound.
16:57 of 1st period - Shot by Dougie Hamilton.
16:57 of 1st period - Shot Misses the Net.
16:59 of 1st period - Shot by Dougie Hamilton.
16:59 of 1st period - Stopped by Carter Hart without a rebound.
17:00 of 1st period - Adam Henrique wins face-off versus Paul Cotter in DALLAS Stars zone.
17:01 of 1st period - Shot by Brock Nelson.
17:01 of 1st period - Deflect By Adam Henrique.
17:01 of 1st period - Shot Misses the Net.
17:03 of 1st period - Shot by Josh Morrissey.
17:03 of 1st period - Shot Misses the Net.
17:05 of 1st period - Shot by Brandon Saad.
17:05 of 1st period - Goal by Brandon Saad - FLORIDA Panthers : 4 - DALLAS Stars : 0.
17:05 of 1st period - Matthew Villalta enters game.
17:06 of 1st period - Derek Grant wins face-off versus Jesperi Kotkaniemi in neutral zone.
17:32 of 1st period - Icing by Emil Bemstrom.
17:33 of 1st period - Adam Henrique wins face-off versus Jesperi Kotkaniemi in DALLAS Stars zone.
18:16 of 1st period - Shot by Carter Verhaeghe.
18:16 of 1st period - Deflect By Adam Henrique.
18:16 of 1st period - Stopped by Matthew Villalta without a rebound.
18:16 of 1st period - Minor Penalty to Ben Hutton for Delaying the game.
18:17 of 1st period - Steven Stamkos wins face-off versus Paul Cotter in DALLAS Stars zone.
18:38 of 1st period - Shot by Dougie Hamilton.
18:38 of 1st period - Stopped by Matthew Villalta without a rebound.
18:39 of 1st period - Aliaksei Protas wins face-off versus Adam Henrique in DALLAS Stars zone.
18:52 of 1st period - Shot by Brady Skjei.
18:52 of 1st period - Stopped by Matthew Villalta with a rebound.
19:26 of 1st period - Shot by Matthew Tkachuk.
19:26 of 1st period - Shot Misses the Net.
Goals for this period are 4 for FLORIDA Panthers vs 0 for DALLAS Stars.
Shots for this period are 21 for FLORIDA Panthers vs 2 for DALLAS Stars.

2nd period


0:01 of 2nd period - Paul Cotter wins face-off versus Steven Stamkos in neutral zone.
0:08 of 2nd period - Shot by Aliaksei Protas.
0:08 of 2nd period - Stopped by Ville Husso without a rebound.
0:09 of 2nd period - Steven Stamkos wins face-off versus Paul Cotter in FLORIDA Panthers zone.
1:44 of 2nd period - Shot by Matthew Tkachuk.
1:44 of 2nd period - Stopped by Matthew Villalta with a rebound.
2:50 of 2nd period - Shot by Aliaksei Protas.
2:50 of 2nd period - Shot Misses the Net.
3:00 of 2nd period - Minor Penalty to Jujhar Khaira for Tripping.
3:01 of 2nd period - Peyton Krebs wins face-off versus Brock Nelson in FLORIDA Panthers zone.
3:16 of 2nd period - Shot by Juuso Valimaki.
3:16 of 2nd period - Goal by Juuso Valimaki - FLORIDA Panthers : 4 - DALLAS Stars : 1.
3:17 of 2nd period - Alexander Radulov wins face-off versus Ryan McLeod in neutral zone.
3:30 of 2nd period - Shot by Conor Timmins.
3:30 of 2nd period - Shot Misses the Net.
3:31 of 2nd period - Minor Penalty to Josh Morrissey for Tripping.
3:32 of 2nd period - Aliaksei Protas wins face-off versus Brock Nelson in FLORIDA Panthers zone.
3:47 of 2nd period - Shot by Jesperi Kotkaniemi.
3:47 of 2nd period - Stopped by Ville Husso without a rebound.
3:48 of 2nd period - Brock Nelson wins face-off versus Sonny Milano in FLORIDA Panthers zone.
4:17 of 2nd period - Shot by Ryan Suter.
4:17 of 2nd period - Stopped by Ville Husso with a rebound.
4:19 of 2nd period - Shot by Ryan Suter.
4:19 of 2nd period - Shot Misses the Net.
4:21 of 2nd period - Shot by Ryan Suter.
4:21 of 2nd period - Shot Misses the Net.
4:23 of 2nd period - Shot by Juuso Valimaki.
4:23 of 2nd period - Stopped by Ville Husso without a rebound.
4:24 of 2nd period - Brock Nelson wins face-off versus Jesperi Kotkaniemi in FLORIDA Panthers zone.
4:50 of 2nd period - Shot by Cam Atkinson.
4:50 of 2nd period - Stopped by Ville Husso without a rebound.
4:51 of 2nd period - Adam Henrique wins face-off versus Peyton Krebs in FLORIDA Panthers zone.
5:31 of 2nd period - Shot by Peyton Krebs.
5:31 of 2nd period - Shot Blocked by Brady Skjei.
6:04 of 2nd period - Shot by Brady Skjei.
6:04 of 2nd period - Shot Misses the Net.
6:06 of 2nd period - Shot by Adam Henrique.
6:06 of 2nd period - Shot Misses the Net.
6:08 of 2nd period - Shot by Josh Morrissey.
6:08 of 2nd period - Shot Misses the Net.
6:20 of 2nd period - Shot by Jordan Martinook.
6:20 of 2nd period - Stopped by Matthew Villalta without a rebound.
6:21 of 2nd period - Ryan McLeod wins face-off versus Paul Cotter in DALLAS Stars zone.
8:14 of 2nd period - Shot by Brendan Gallagher.
8:14 of 2nd period - Shot Misses the Net.
8:19 of 2nd period - Brandon Saad is hit by Darren Raddysh.
8:30 of 2nd period - Adam Henrique is hit by Darren Raddysh and loses puck.
8:50 of 2nd period - Minor Penalty to Conor Timmins for Roughing.
8:51 of 2nd period - Steven Stamkos wins face-off versus Paul Cotter in DALLAS Stars zone.
8:58 of 2nd period - Shot by Dougie Hamilton.
8:58 of 2nd period - Shot Misses the Net.
9:00 of 2nd period - Shot by Josh Morrissey.
9:00 of 2nd period - Shot Misses the Net.
9:02 of 2nd period - Shot by Matthew Tkachuk.
9:02 of 2nd period - Shot Blocked by Ben Hutton.
9:04 of 2nd period - Shot by Dougie Hamilton.
9:04 of 2nd period - Stopped by Matthew Villalta with a rebound.
9:06 of 2nd period - Shot by Josh Morrissey.
9:06 of 2nd period - Stopped by Matthew Villalta without a rebound.
9:07 of 2nd period - Adam Henrique wins face-off versus Paul Cotter in DALLAS Stars zone.
9:20 of 2nd period - Shot by Brock Nelson.
9:20 of 2nd period - Stopped by Matthew Villalta without a rebound.
9:21 of 2nd period - Paul Cotter wins face-off versus Steven Stamkos in DALLAS Stars zone.
9:30 of 2nd period - Shot by Dougie Hamilton.
9:30 of 2nd period - Shot Misses the Net.
9:37 of 2nd period - Icing by Josh Morrissey.
9:38 of 2nd period - Steven Stamkos wins face-off versus Paul Cotter in FLORIDA Panthers zone.
9:53 of 2nd period - Shot by Steven Stamkos.
9:53 of 2nd period - Shot Blocked by Ben Hutton.
10:20 of 2nd period - Icing by Brady Skjei.
10:21 of 2nd period - Adam Henrique wins face-off versus Paul Cotter in FLORIDA Panthers zone.
11:56 of 2nd period - Off-side.
11:57 of 2nd period - Steven Stamkos wins face-off versus Peyton Krebs in neutral zone.
12:20 of 2nd period - Shot by Sonny Milano.
12:20 of 2nd period - Goal by Sonny Milano - FLORIDA Panthers : 4 - DALLAS Stars : 2.
12:21 of 2nd period - Adam Henrique wins face-off versus Jesperi Kotkaniemi in neutral zone.
12:21 of 2nd period - Carter Verhaeghe is hit by Brendan Gallagher and loses puck.
12:25 of 2nd period - Off-side.
12:26 of 2nd period - Adam Henrique wins face-off versus Jesperi Kotkaniemi in neutral zone.
12:41 of 2nd period - Shot by Adam Henrique.
12:41 of 2nd period - Shot Misses the Net.
12:43 of 2nd period - Shot by Brandon Saad.
12:43 of 2nd period - Stopped by Matthew Villalta without a rebound.
12:44 of 2nd period - Steven Stamkos wins face-off versus Cam Atkinson in DALLAS Stars zone.
13:11 of 2nd period - Shot by Matthew Tkachuk.
13:11 of 2nd period - Shot Blocked by Sean Walker.
13:13 of 2nd period - Shot by Matthew Tkachuk.
13:13 of 2nd period - Goal by Matthew Tkachuk - FLORIDA Panthers : 5 - DALLAS Stars : 2.
13:14 of 2nd period - Adam Henrique wins face-off versus Jesperi Kotkaniemi in neutral zone.
13:22 of 2nd period - Carter Verhaeghe is hit by Juuso Valimaki and loses puck.
14:24 of 2nd period - Shot by Peyton Krebs.
14:24 of 2nd period - Stopped by Ville Husso without a rebound.
14:25 of 2nd period - Peyton Krebs wins face-off versus Yegor Sharangovich in FLORIDA Panthers zone.
14:42 of 2nd period - Shot by Sonny Milano.
14:42 of 2nd period - Shot Blocked by Jake Walman.
15:22 of 2nd period - Shot by Steven Stamkos.
15:22 of 2nd period - Shot Misses the Net.
15:44 of 2nd period - Shot by Steven Stamkos.
15:44 of 2nd period - Stopped by Matthew Villalta without a rebound.
15:45 of 2nd period - Adam Henrique wins face-off versus Paul Cotter in DALLAS Stars zone.
15:46 of 2nd period - Shot by Carter Verhaeghe.
15:46 of 2nd period - Shot Misses the Net.
15:48 of 2nd period - Shot by Josh Morrissey.
15:48 of 2nd period - Stopped by Matthew Villalta with a rebound.
15:50 of 2nd period - Shot by Carter Verhaeghe.
15:50 of 2nd period - Shot Misses the Net.
15:56 of 2nd period - Shot by Carter Verhaeghe.
15:56 of 2nd period - Shot Blocked by Ben Hutton.
15:58 of 2nd period - Shot by Brady Skjei.
15:58 of 2nd period - Shot Blocked by Ben Hutton.
16:00 of 2nd period - Shot by Brady Skjei.
16:00 of 2nd period - Stopped by Matthew Villalta without a rebound.
16:01 of 2nd period - Emil Bemstrom wins face-off versus Ryan McLeod in DALLAS Stars zone.
16:01 of 2nd period - Emil Bemstrom is hit by Jujhar Khaira.
16:17 of 2nd period - Shot by Jujhar Khaira.
16:17 of 2nd period - Shot Misses the Net.
16:36 of 2nd period - Icing by Juuso Valimaki.
16:37 of 2nd period - Steven Stamkos wins face-off versus Jesperi Kotkaniemi in DALLAS Stars zone.
17:18 of 2nd period - Shot by Brock Nelson.
17:18 of 2nd period - Shot Misses the Net.
17:20 of 2nd period - Shot by Steven Stamkos.
17:20 of 2nd period - Stopped by Matthew Villalta without a rebound.
17:21 of 2nd period - Alexander Radulov wins face-off versus Adam Henrique in DALLAS Stars zone.
17:42 of 2nd period - Shot by Carter Verhaeghe.
17:42 of 2nd period - Stopped by Matthew Villalta with a rebound.
18:21 of 2nd period - Off-side.
18:22 of 2nd period - Steven Stamkos wins face-off versus Peyton Krebs in neutral zone.
18:28 of 2nd period - Ryan McDonagh is hit by Sonny Milano and loses puck.
19:49 of 2nd period - Eetu Luostarinen is hit by Peyton Krebs and loses puck.
Goals for this period are 1 for FLORIDA Panthers vs 2 for DALLAS Stars.
Shots for this period are 12 for FLORIDA Panthers vs 8 for DALLAS Stars.

3rd period


0:01 of 3rd period - Jesperi Kotkaniemi wins face-off versus Steven Stamkos in neutral zone.
0:12 of 3rd period - Shot by Emil Bemstrom.
0:12 of 3rd period - Shot Misses the Net.
0:36 of 3rd period - Icing by Matthew Tkachuk.
0:37 of 3rd period - Peyton Krebs wins face-off versus Steven Stamkos in FLORIDA Panthers zone.
1:06 of 3rd period - Shot by Sonny Milano.
1:06 of 3rd period - Stopped by Ville Husso without a rebound.
1:07 of 3rd period - Paul Cotter wins face-off versus Adam Henrique in FLORIDA Panthers zone.
1:16 of 3rd period - Shot by Adam Henrique.
1:16 of 3rd period - Stopped by Matthew Villalta without a rebound.
1:17 of 3rd period - Derek Grant wins face-off versus Jesperi Kotkaniemi in DALLAS Stars zone.
1:17 of 3rd period - Derek Grant is hit by Ryan Suter.
1:27 of 3rd period - Shot by Eetu Luostarinen.
1:27 of 3rd period - Shot Misses the Net.
2:33 of 3rd period - Icing by Nicklas Backstrom.
2:34 of 3rd period - Aliaksei Protas wins face-off versus Adam Henrique in DALLAS Stars zone.
2:43 of 3rd period - Shot by Carter Verhaeghe.
2:43 of 3rd period - Shot Blocked by Conor Timmins.
2:45 of 3rd period - Shot by Carter Verhaeghe.
2:45 of 3rd period - Shot Misses the Net.
2:47 of 3rd period - Shot by Brandon Saad.
2:47 of 3rd period - Stopped by Matthew Villalta without a rebound.
2:48 of 3rd period - Peyton Krebs wins face-off versus Ryan McLeod in DALLAS Stars zone.
3:30 of 3rd period - Shot by Brady Skjei.
3:30 of 3rd period - Stopped by Matthew Villalta without a rebound.
3:31 of 3rd period - Steven Stamkos wins face-off versus Paul Cotter in DALLAS Stars zone.
3:46 of 3rd period - Shot by Brock Nelson.
3:46 of 3rd period - Stopped by Matthew Villalta without a rebound.
3:47 of 3rd period - Adam Henrique wins face-off versus Jesperi Kotkaniemi in DALLAS Stars zone.
4:08 of 3rd period - Shot by Adam Henrique.
4:08 of 3rd period - Shot Misses the Net.
4:10 of 3rd period - Shot by Adam Henrique.
4:10 of 3rd period - Shot Blocked by Conor Timmins.
4:12 of 3rd period - Shot by Jake Walman.
4:12 of 3rd period - Stopped by Matthew Villalta without a rebound.
4:13 of 3rd period - Peyton Krebs wins face-off versus Steven Stamkos in DALLAS Stars zone.
4:13 of 3rd period - Peyton Krebs is hit by Matthew Tkachuk.
4:47 of 3rd period - Juuso Valimaki is hit by Matthew Tkachuk and loses puck.
4:48 of 3rd period - Minor Penalty to Matthew Tkachuk for Roughing.
4:49 of 3rd period - Jesperi Kotkaniemi wins face-off versus Brock Nelson in FLORIDA Panthers zone.
6:29 of 3rd period - Shot by Conor Timmins.
6:29 of 3rd period - Stopped by Ville Husso without a rebound.
6:30 of 3rd period - Brock Nelson wins face-off versus Jesperi Kotkaniemi in FLORIDA Panthers zone.
6:38 of 3rd period - Off-side.
6:39 of 3rd period - Eetu Luostarinen wins face-off versus Peyton Krebs in neutral zone.
6:59 of 3rd period - Carter Verhaeghe is hit by Darren Raddysh and loses puck.
7:03 of 3rd period - Minor Penalty to Darren Raddysh for Roughing.
7:04 of 3rd period - Steven Stamkos wins face-off versus Paul Cotter in DALLAS Stars zone.
7:27 of 3rd period - Shot by Josh Morrissey.
7:27 of 3rd period - Goal by Josh Morrissey - FLORIDA Panthers : 6 - DALLAS Stars : 2.
7:28 of 3rd period - Ryan McLeod wins face-off versus Peyton Krebs in neutral zone.
7:37 of 3rd period - Shot by Jordan Martinook.
7:37 of 3rd period - Stopped by Matthew Villalta without a rebound.
7:38 of 3rd period - Jesperi Kotkaniemi wins face-off versus Matthew Tkachuk in DALLAS Stars zone.
7:49 of 3rd period - Shot by Jesperi Kotkaniemi.
7:49 of 3rd period - Shot Misses the Net.
8:00 of 3rd period - Brock Nelson is hit by Darren Raddysh and loses puck.
8:03 of 3rd period - Shot by Steven Stamkos.
8:03 of 3rd period - Shot Blocked by Conor Timmins.
8:05 of 3rd period - Shot by Brock Nelson.
8:05 of 3rd period - Stopped by Matthew Villalta with a rebound.
8:12 of 3rd period - Steven Stamkos is hit by Darren Raddysh and loses puck.
8:37 of 3rd period - Shot by Brandon Saad.
8:37 of 3rd period - Shot Misses the Net.
8:39 of 3rd period - Shot by Brandon Saad.
8:39 of 3rd period - Shot Misses the Net.
8:44 of 3rd period - Minor Penalty to Darren Raddysh for Interference.
8:45 of 3rd period - Adam Henrique wins face-off versus Paul Cotter in DALLAS Stars zone.
8:58 of 3rd period - Shot by Dougie Hamilton.
8:58 of 3rd period - Deflect By Brandon Saad.
8:58 of 3rd period - Stopped by Matthew Villalta with a rebound.
9:28 of 3rd period - Steven Stamkos is hit by Aliaksei Protas and loses puck.
9:32 of 3rd period - Icing by Brady Skjei.
9:33 of 3rd period - Steven Stamkos wins face-off versus Sonny Milano in FLORIDA Panthers zone.
9:33 of 3rd period - Steven Stamkos is hit by Brendan Gallagher.
9:41 of 3rd period - Shot by Steven Stamkos.
9:41 of 3rd period - Shot Misses the Net.
9:43 of 3rd period - Shot by Brady Skjei.
9:43 of 3rd period - Shot Blocked by Conor Timmins.
9:45 of 3rd period - Shot by Dougie Hamilton.
9:45 of 3rd period - Stopped by Matthew Villalta without a rebound.
9:46 of 3rd period - Steven Stamkos wins face-off versus Paul Cotter in DALLAS Stars zone.
10:10 of 3rd period - Minor Penalty to Sean Walker for Interference.
10:11 of 3rd period - Paul Cotter wins face-off versus Adam Henrique in DALLAS Stars zone.
10:21 of 3rd period - Icing by Josh Morrissey.
10:22 of 3rd period - Paul Cotter wins face-off versus Adam Henrique in FLORIDA Panthers zone.
10:31 of 3rd period - Shot by Brady Skjei.
10:31 of 3rd period - Shot Misses the Net.
10:33 of 3rd period - Shot by Josh Morrissey.
10:33 of 3rd period - Shot Misses the Net.
11:25 of 3rd period - Shot by Dougie Hamilton.
11:25 of 3rd period - Shot Blocked by Ben Hutton.
11:27 of 3rd period - Shot by Jake Walman.
11:27 of 3rd period - Stopped by Matthew Villalta with a rebound.
11:29 of 3rd period - Shot by Carter Verhaeghe.
11:29 of 3rd period - Stopped by Matthew Villalta with a rebound.
11:31 of 3rd period - Shot by Jake Walman.
11:31 of 3rd period - Shot Blocked by Conor Timmins.
11:33 of 3rd period - Shot by Jake Walman.
11:33 of 3rd period - Stopped by Matthew Villalta without a rebound.
11:34 of 3rd period - Sonny Milano wins face-off versus Steven Stamkos in DALLAS Stars zone.
11:52 of 3rd period - Brady Skjei is hit by Conor Timmins and loses puck.
12:27 of 3rd period - Shot by Eetu Luostarinen.
12:27 of 3rd period - Stopped by Matthew Villalta with a rebound.
12:35 of 3rd period - Jake Walman is hit by Sonny Milano and loses puck.
12:41 of 3rd period - Minor Penalty to Peyton Krebs for Tripping.
12:42 of 3rd period - Adam Henrique wins face-off versus Paul Cotter in DALLAS Stars zone.
13:00 of 3rd period - Off-side.
13:01 of 3rd period - Steven Stamkos wins face-off versus Sonny Milano in neutral zone.
14:00 of 3rd period - Shot by Dougie Hamilton.
14:00 of 3rd period - Shot Misses the Net.
14:02 of 3rd period - Shot by Brock Nelson.
14:02 of 3rd period - Shot Misses the Net.
14:04 of 3rd period - Shot by Brock Nelson.
14:04 of 3rd period - Shot Misses the Net.
14:06 of 3rd period - Shot by Adam Henrique.
14:06 of 3rd period - Shot Misses the Net.
14:52 of 3rd period - Shot by Eetu Luostarinen.
14:52 of 3rd period - Deflect By Derek Grant.
14:52 of 3rd period - Stopped by Matthew Villalta without a rebound.
14:53 of 3rd period - Peyton Krebs wins face-off versus Ryan McLeod in DALLAS Stars zone.
15:15 of 3rd period - Minor Penalty to Sean Walker for Slashing.
15:16 of 3rd period - Sonny Milano wins face-off versus Steven Stamkos in DALLAS Stars zone.
15:43 of 3rd period - Shot by Josh Morrissey.
15:43 of 3rd period - Stopped by Matthew Villalta without a rebound.
15:44 of 3rd period - Adam Henrique wins face-off versus Brendan Gallagher in DALLAS Stars zone.
16:21 of 3rd period - Shot by Brady Skjei.
16:21 of 3rd period - Shot Misses the Net.
16:23 of 3rd period - Shot by Brady Skjei.
16:23 of 3rd period - Stopped by Matthew Villalta without a rebound.
16:24 of 3rd period - Steven Stamkos wins face-off versus Sonny Milano in DALLAS Stars zone.
16:27 of 3rd period - Shot by Matthew Tkachuk.
16:27 of 3rd period - Stopped by Matthew Villalta without a rebound.
16:28 of 3rd period - Paul Cotter wins face-off versus Steven Stamkos in DALLAS Stars zone.
16:28 of 3rd period - Juuso Valimaki is hit by Steven Stamkos and loses puck.
17:28 of 3rd period - Shot by Jesperi Kotkaniemi.
17:28 of 3rd period - Shot Misses the Net.
17:30 of 3rd period - Shot by Jesperi Kotkaniemi.
17:30 of 3rd period - Deflect By Emil Bemstrom.
17:30 of 3rd period - Shot Blocked by Calen Addison.
17:32 of 3rd period - Shot by Jesperi Kotkaniemi.
17:32 of 3rd period - Shot Misses the Net.
17:35 of 3rd period - Minor Penalty to Jesperi Kotkaniemi for Tripping.
17:35 of 3rd period - Minor Penalty to Jake Walman for Goalie Interference.
17:36 of 3rd period - Peyton Krebs wins face-off versus Steven Stamkos in FLORIDA Panthers zone.
17:59 of 3rd period - Shot by Peyton Krebs.
17:59 of 3rd period - Stopped by Ville Husso without a rebound.
18:00 of 3rd period - Steven Stamkos wins face-off versus Peyton Krebs in FLORIDA Panthers zone.
18:28 of 3rd period - Shot by Steven Stamkos.
18:28 of 3rd period - Stopped by Matthew Villalta without a rebound.
18:29 of 3rd period - Brock Nelson wins face-off versus Aliaksei Protas in DALLAS Stars zone.
19:00 of 3rd period - Shot by Alexander Radulov.
19:00 of 3rd period - Stopped by Ville Husso without a rebound.
19:01 of 3rd period - Steven Stamkos wins face-off versus Peyton Krebs in FLORIDA Panthers zone.
19:01 of 3rd period - Steven Stamkos is hit by Peyton Krebs.
19:19 of 3rd period - Shot by Matthew Tkachuk.
19:19 of 3rd period - Goal by Matthew Tkachuk - FLORIDA Panthers : 7 - DALLAS Stars : 2.
19:20 of 3rd period - Peyton Krebs wins face-off versus Steven Stamkos in neutral zone.
Goals for this period are 2 for FLORIDA Panthers vs 0 for DALLAS Stars.
Shots for this period are 20 for FLORIDA Panthers vs 4 for DALLAS Stars. Output by the SimonT Hockey Simulator (STHS) for Martin Benoit - Original Page W3C HTML5 Valid
Hockey Simulator - Hockey Simulation - Hockey Manager